Map: GSL Red City

Players

JarMaker - Winner!

  • Race: Protoss Protoss
  • League: Bronze
  • Spawn Location: 1:00

ForeverBronz

  • Race: Protoss Protoss
  • Spawn Location: 5:00

VOD

Have the link to the VOD?

Description

Time

  • Played on: May 16, 2016, 8:58 p.m.
  • Length: 8:17
Show
View Real Time Build Order
Export as new Build Order

JarMaker Protoss - Winner!

Build Orders:  

Get SALT Encoding   

  12  0:01  Probe (Chrono Boost)  
  13  0:12  Probe (Chrono Boost)  
  14  0:21  Pylon  
  14  0:27  Probe (Chrono Boost)  
  15  0:43  Probe (Chrono Boost)  
  15  0:44  Forge  
  16  1:00  Probe (Chrono Boost)  
  17  1:10  Probe (Chrono Boost)  
  18  1:26  Probe (Chrono Boost)  
  19  1:43  Pylon  
  19  1:44  Pylon  
  19  1:48  Pylon  
  19  1:50  Pylon  
  18  1:59  Pylon  
  18  2:03  Photon Cannon  
  18  2:12  Photon Cannon  
  18  2:27  Probe (Chrono Boost)  
  19  2:39  Photon Cannon  
  19  2:47  Photon Cannon  
  19  2:49  Photon Cannon  
  19  2:52  Photon Cannon  
  19  2:59  Photon Cannon  
  19  3:04  Photon Cannon  
  19  3:06  Pylon  
  19  3:14  Pylon  
  19  3:18  Photon Cannon  
  19  3:30  Gateway  
  19  3:39  Photon Cannon  
  16  3:56  Probe (Chrono Boost)  
Show
View Real Time Build Order
Export as new Build Order

ForeverBronz Protoss 

Build Orders:  

Get SALT Encoding   

  12  0:01  Probe (Chrono Boost)  
  13  0:12  Probe (Chrono Boost)  
  14  0:22  Probe (Chrono Boost)  
  14  0:23  Pylon  
  15  0:42  Probe (Chrono Boost)  
  16  0:46  Gateway  
  16  0:55  Probe (Chrono Boost)  
  16  1:35  Forge  
  16  1:37  Pylon  
  16  1:38  Pylon  
  16  1:46  Zealot (Chrono Boost)  
  18  2:05  Gateway  
  18  2:06  Gateway  
  18  2:07  Gateway  
  18  2:29  Zealot (Chrono Boost)  
  19  2:37  Probe  
  20  2:49  Probe  
  20  3:03  Zealot x3 (Chrono Boost)  
  26  3:12  Pylon  
  24  3:17  Zealot (Chrono Boost)  
  25  3:25  Pylon  
  23  3:27  Pylon  
  27  3:35  Zealot x2 (Chrono Boost)  
  28  3:43  Zealot (Chrono Boost)  
  26  4:09  Zealot (Chrono Boost)  
Tags
 
League
Bronze
Matchup
PvP
Spawn Locations
Close Positions
Add a new tag
Caveats
  • Supply blocks, unpowered buildings, or Contaminate may cause inaccurate times.
  • Supply counts are checked every 10 seconds.